 Dungeon Crawl Stone Soup version 0.30-a0-4-ga7cffc901d (webtiles) character file.

Game seed: 9844954851795120542

59 worthlessgem the Conjurer (level 3, -1/19 HPs)
             Began as a Deep Elf Conjurer on Aug 20, 2022.
             Slain by Crazy Yiuf
             ... wielding a +4 quarterstaff of chaos
              (10 damage)
             ... on level 2 of the Dungeon.
             The game lasted 00:05:27 (1394 turns).

worthlessgem the Conjurer (Deep Elf Conjurer)       Turns: 1394, Time: 00:05:28

Health: -1/19      AC:  3    Str:  6    XL:     3   Next: 78%
Magic:  3/10       EV: 11    Int: 22    God:
Gold:   31         SH:  0    Dex: 13    Spells: 4/10 levels left

rFire   . . .      SeeInvis .    f - +0 dagger
rCold   . . .      Faith    .    (no shield)
rNeg    . . .      Spirit   .    k - +0 leather armour
rPois   +          Reflect  .    (no helmet)
rElec   .          Harm     .    (no cloak)
rCorr   .          Rampage  .    (no gloves)
Will    .....                    (no boots)
Stlth   ++........               (no amulet)
HPRegen 0.06/turn                c - ring of poison resistance
MPRegen 0.12/turn                (no ring)

@: no status effects
A: no striking features
a: no special abilities


You were on level 2 of the Dungeon.
You visited 1 branch of the dungeon, and saw 2 of its levels.

You collected 31 gold pieces.

Inventory:

Hand Weapons
 f - a +0 dagger (weapon)
Missiles
 g - 10 stones
Armour
 a - a +0 robe
 k - a +0 leather armour (worn)
Jewellery
 c - a ring of poison resistance (left hand)
Scrolls
 h - a scroll of magic mapping {unknown}
 l - a scroll of enchant weapon {unknown}
Potions
 b - a potion of magic
 d - a potion of invisibility {unknown}
 e - 2 potions of lignification {unknown}
 i - a potion of might {unknown}
 j - a potion of flight {unknown}


   Skills:
 - Level 2.4 Dodging
 - Level 2.4 Stealth
 + Level 4.2 Spellcasting
 + Level 5.4 Conjurations


You had 4 spell levels left.
You knew the following spells:

 Your Spells              Type           Power      Damage    Failure   Level
a - Magic Dart            Conj           100%       1d8       1%          1
b - Searing Ray           Conj           56%        2d6       2%          2
c - Dazzling Flash        Conj/Hex       32%        N/A       17%         3

Your spell library contained the following spells:

 Spells                   Type           Power      Damage    Failure   Level
 Mephitic Cloud           Conj/Pois/Air  12%        N/A       24%         3
 Ignite Poison            Fire/Tmut/Pois 4%         N/A       45%         3
 Fulminant Prism          Conj/Hex       8%         3d7       50%         4
 Iskenderun's Mystic Bla  Conj/Tloc      16%        2d5       50%         4
 Freezing Cloud           Conj/Ice/Air   6%         6-21      92%         5


Dungeon Overview and Level Annotations

Branches:
Dungeon (2/15)

Altars:

Annotations:
D:2 Crazy Yiuf, Natasha


Message History

(Press . to maintain the ray.) Magic restored.
Found a runed translucent door.
Crazy Yiuf shouts!
Crazy Yiuf yells, "Buddy light stair!"
Press: ? - help, v - describe, . - travel, g - get item Item here: a scorched hammer.
The floor.
Casting: Searing Ray (safe; 2% risk of failure)
Confirm with . or Enter, or press ? or * to list all spells.
Okay, then.
This spell is extremely dangerous to cast!
Memorise Dazzling Flash, consuming 3 spell levels and leaving 4?
You start memorising the spell.
You continue memorising. x3
You finish memorising.
Spell assigned to 'c'.
You open the door.
Casting: Searing Ray (safe; 2% risk of failure)
Confirm with . or Enter, or press ? or * to list all spells.
The spell is extremely dangerous to miscast (17% risk of failure)!
Continue anyway?
Casting: Dazzling Flash (extremely dangerous; 17% risk of failure)
Press: ? - help, Dir - look around, f - activate Look: Crazy Yiuf, wielding a +4 quarterstaff of chaos, wearing a +0 cloak and carrying a wand of polymorph (4) (chance to dazzle: 61%) Crazy Yiuf is dazzled.
Crazy Yiuf closely misses you.
Casting: Dazzling Flash (extremely dangerous; 17% risk of failure)
Confirm with . or Enter, or press ? or * to list all spells.
Aiming: Searing Ray (safe; 2% risk of failure)
Press: ? - help, Shift-Dir - straight line, f/p - Crazy Yiuf
Aim: Crazy Yiuf, wielding a +4 quarterstaff of chaos, wearing a +0 cloak and carrying a wand of polymorph (4) (blind, 82% to hit)
The searing ray misses Crazy Yiuf. (Press . to maintain the ray.) Crazy Yiuf closely misses you.
The searing ray hits Crazy Yiuf!
Crazy Yiuf is moderately wounded.
Crazy Yiuf hits you with a +4 quarterstaff of chaos!
Ouch! That really hurt!
The searing ray hits Crazy Yiuf.
Crazy Yiuf is severely wounded.
Crazy Yiuf hits you with a +4 quarterstaff of chaos!
Ouch! That really hurt!
You die...

#######.#.######..##
..........# #....#
#######)#### #....#
##)#.# ##...#
########.## ##.##
#.......## ##.#
........# #.##
..#####<# ##.# #.#
#@## #.# #g# #.# ...
..# #...# ..# #)..#
... ##### #..#


You could see Crazy Yiuf (blind).

Vanquished Creatures
  Jessica (D:2)
  4 endoplasms (D:1)
  A giant cockroach (D:1)
  3 goblins (D:1)
  2 hobgoblins (D:1)
  3 jackals (D:1)
  4 kobolds
  2 quokkas
  A ball python (D:1)
  4 bats (D:1)
  3 rats (D:1)
28 creatures vanquished.

Notes
Turn   | Place    | Note
-------+----------+-------------------------------------------
     0 | D:1      | worthlessgem the Deep Elf Conjurer began the quest for the
                  | Orb.
     0 | D:1      | Reached XP level 1. HP: 10/10 MP: 6/6
   175 | D:1      | Reached XP level 2. HP: 10/15 MP: 4/8
   178 | D:1      | Learned a level 2 spell: Searing Ray
   437 | D:1      | Reached skill level 5 in Conjurations
   781 | D:1      | Reached XP level 3. HP: 19/19 MP: 8/10
  1215 | D:2      | Noticed Natasha
  1274 | D:2      | Noticed Jessica
  1276 | D:2      | Killed Jessica
  1382 | D:2      | Found a runed translucent door.
  1383 | D:2      | Noticed Crazy Yiuf
  1390 | D:2      | Learned a level 3 spell: Dazzling Flash
  1394 | D:2      | Slain by Crazy Yiuf

Illustrated notes

Levels and vault maps discovered:
D:1:      psy_arrival_radial01, layout_loops_ring
D:2:      layout_loops_ring, basic_altar, nicolae_ecumenical_snake_handling,
          minmay_box_of_dots, uniq_jessica, uniq_crazy_yiuf_cottage,
          uniq_natasha

Skill      XL: |  1  2  3 |
---------------+----------+-----
Conjurations   | 5 |  5.4
Spellcasting   | 4 |  4.2
Dodging        | |  2.4
Stealth        | |  2.4

Action                   || total
-------------------------++-------
Melee: Dagger            ||    18
 Cast: Magic Dart        ||    37
       Searing Ray       ||     4
       Dazzling Flash    ||     1
Armor: Robe              ||     3
       Leather armour    ||     2
Dodge: Dodged            ||    17

Table legend: (Time is in decaauts)
 A = Elapsed time spent in this place.
 B = Non-inter-level travel time spent in this place.
 C = Inter-level travel time spent in this place.
 D = Time resting spent in this place.
 E = Time spent auto-exploring this place.
 F = Levels seen in this place.
 G = Mean time per level.
                   A        B        C        D        E       F      G
               +--------+--------+--------+--------+--------+-----+--------+
         Total |   1393 |   1265 |    128 |     49 |   1030 |   2 |  696.5 |
       Dungeon |   1393 |   1265 |    128 |     49 |   1030 |   2 |  696.5 |
               +--------+--------+--------+--------+--------+-----+--------+

Top non-repeatable levels by time:
     D:1: 1312 daAuts
     D:2: 81 daAuts
